 Dungeon Crawl Stone Soup version 0.31-a0-145-g046c7d2549 (webtiles) character file.

Game seed: 3826543535632903443

84 nicknak712 the Trooper (level 4, -2/36 HPs)
             Began as a Demonspawn Fighter on June 5, 2023.
             Slain by a gnoll
             ... wielding a +0 flail
              (7 damage)
             ... on level 3 of the Dungeon.
             The game lasted 00:08:38 (1843 turns).

nicknak712 the Trooper (Demonspawn Fighter)         Turns: 1843, Time: 00:08:39

Health: -2/36      AC:  5    Str: 18    XL:     4   Next: 24%
Magic:  4/4        EV: 10    Int:  9    God:
Gold:   175        SH:  4    Dex: 13    Spells: 3/3 levels left

rFire   + + .        a - +0 long sword
rCold   . . .        c - +0 buckler
rNeg    . . .        i - +2 leather armour {rF+}
rPois   .            (helmet restricted)
rElec   .            (no cloak)
rCorr   .            (no gloves)
SInv    .            (no boots)
Will    .....        o - amulet of regeneration
Stlth   +            e - ring of protection from fire
HPRegen 1.06/turn    (no ring)
MPRegen 0.09/turn

%: no passive effects
@: no status effects
A: horns 1
a: no special abilities


You were on level 3 of the Dungeon.
You visited 1 branch of the dungeon, and saw 3 of its levels.

You collected 175 gold pieces.

Inventory:

Hand Weapons
 a - a +0 long sword (weapon)
 l - a +0 dagger
 u - a +0 falchion
Missiles
 j - 21 stones (quivered)
 s - 6 poisoned darts
Armour
 b - a +0 scale mail
 c - a +0 buckler (worn)
 i - a +2 leather armour of fire resistance (worn)
Jewellery
 e - a ring of protection from fire (left hand)
 o - an amulet of regeneration (around neck)
 p - a ring of fire
 y - an amulet of faith
Wands
 x - a wand of roots (10)
Scrolls
 f - 2 scrolls of silence {unknown}
 g - a scroll of magic mapping {unknown}
 m - 2 scrolls of poison {unknown}
 n - 2 scrolls of identify {unknown}
 q - a scroll of fear {unknown}
 r - a scroll of vulnerability {unknown}
 t - 3 scrolls of immolation {unknown}
 z - a scroll of teleportation {unknown}
Potions
 d - a potion of might
 h - 2 potions of attraction {unknown}
 k - 2 potions of invisibility {unknown}
 v - a potion of ambrosia {unknown}
 w - a potion of curing {unknown}


   Skills:
 * Level 3.6 Fighting
 * Level 3.1 Long Blades
 * Level 3.1 Armour
 + Level 2.9 Shields


You had 3 spell levels left.
You didn't know any spells.
Your spell library was empty.

Dungeon Overview and Level Annotations

Branches:
Dungeon (3/15)

Altars:


Innate Abilities, Weirdness & Mutations

You have a pair of small horns on your head.


Message History

You barely miss the gnoll.
The gnoll is severely wounded.
The gnoll hits you from afar with a +0 spear.
The gnoll misses you.
The gnoll shouts!
You hit the gnoll.
The gnoll is severely wounded.
The gnoll hits you from afar with a +0 spear.
The gnoll hits you with a +0 whip.
You closely miss the gnoll. You headbutt the gnoll.
You kill the gnoll!
The gnoll hits you but does no damage.
You hit the gnoll.
The gnoll is moderately wounded.
The gnoll hits you but does no damage. The gnoll barely misses you.
The gnoll hits you but does no damage. You block the gnoll's attack.
You closely miss the gnoll.
The gnoll is moderately wounded.
The gnoll barely misses you. The gnoll closely misses you.
You barely miss the gnoll. You headbutt the gnoll.
The gnoll is heavily wounded.
The gnoll hits you from afar with a +0 spear.
The gnoll hits you with a +0 flail.
You hit the gnoll.
The gnoll is heavily wounded.
The gnoll hits you from afar with a +0 spear.
* * * LOW HITPOINT WARNING * * *
The gnoll barely misses you.
You closely miss the gnoll.
The gnoll is heavily wounded.
The gnoll hits you from afar with a +0 spear.
* * * LOW HITPOINT WARNING * * *
You block the gnoll's attack. The gnoll misses you.
The gnoll barely misses you.
You hit the gnoll.
The gnoll is severely wounded.
The gnoll hits you from afar with a +0 spear.
* * * LOW HITPOINT WARNING * * *
The gnoll hits you with a +0 flail!
You die...

#.###...####
#.........#.
#########.## #.#.
#..# #... ###### #.##
####....###### #.#.
##gg@.##......####.##
#.g##########...##...
#.## ###....## #..
####.## ##.g ### #.#
g# gg ..


You could see 3 gnolls.

Vanquished Creatures
  An orc wizard (D:3)
  A gnoll (D:3)
  An adder (D:2)
  2 dart slugs
  4 orcs (D:3)
  2 ball pythons
  3 endoplasms (D:1)
  2 goblins
  3 hobgoblins
  3 kobolds
  5 bats
  4 frilled lizards
  2 rats
33 creatures vanquished.

Notes
Turn   | Place    | Note
-------+----------+-------------------------------------------
     0 | D:1      | nicknak712 the Demonspawn Fighter began the quest for the
                  | Orb.
     0 | D:1      | Reached XP level 1. HP: 18/18 MP: 1/1
   185 | D:1      | Gained mutation: You have a pair of small horns on your
                  | head. [demonic ancestry]
   185 | D:1      | Reached XP level 2. HP: 23/24 MP: 2/2
  1125 | D:2      | Reached XP level 3. HP: 14/29 MP: 3/3
  1496 | D:3      | Reached XP level 4. HP: 15/36 MP: 4/4
  1843 | D:3      | Slain by a gnoll

Illustrated notes

Levels and vault maps discovered:
D:1:      dpeg_arrival_short_road, layout_basic, minmay_pentomino_z4
D:2:      layout_loops_ring, bh_walls_and_bars
D:3:      layout_loops_ring, kennysheep_crisscross, hellmonk_no_cap

Skill      XL: |  1  2  3  4 |
---------------+-------------+-----
Long Blades    | 2 3 |  3.1
Armour         | 3 |  3.1
Fighting       | |  3.6
Shields        | |  2.9

Action                     |  1- 3 |  4- 6 || total
---------------------------+-------+-------++-------
  Melee: Long sword        |    70 |    26 ||    96
         Headbutt          |     4 |     4 ||     8
 Armour: Leather armour    |    24 |     6 ||    30
         Scale mail        |     1 |       ||     1
  Dodge: Dodged            |    28 |    15 ||    43
  Block: Buckler           |    22 |     6 ||    28

Table legend: (Time is in decaauts)
 A = Elapsed time spent in this place.
 B = Non-inter-level travel time spent in this place.
 C = Inter-level travel time spent in this place.
 D = Time resting spent in this place.
 E = Time spent auto-exploring this place.
 F = Levels seen in this place.
 G = Mean time per level.
                   A        B        C        D        E       F      G
               +--------+--------+--------+--------+--------+-----+--------+
         Total |   1871 |   1830 |     41 |    116 |   1293 |   3 |  623.7 |
       Dungeon |   1871 |   1830 |     41 |    116 |   1293 |   3 |  623.7 |
               +--------+--------+--------+--------+--------+-----+--------+

Top non-repeatable levels by time:
     D:1: 916 daAuts
     D:2: 556 daAuts
     D:3: 397 daAuts
